 Dungeon Crawl Stone Soup version 0.31-a0-1098-g6898e6545c (webtiles) character file.

Game seed: 18050936162096306642

304 Bnni the Shooter (level 6, 0/32 HPs)
             Began as a Spriggan Hunter on Nov 30, 2023.
             Succumbed to an adder's poison
             ... on level 5 of the Dungeon.
             The game lasted 00:04:30 (2655 turns).

Bnni the Shooter (Spriggan Hunter)                  Turns: 2655, Time: 00:04:30

Health: 0/32       AC:  3    Str:  7    XL:     6   Next: 15%
Magic:  7/7        EV: 19    Int: 10    God:
Gold:   237        SH: 10    Dex: 21    Spells: 5/5 levels left

rFire   . . .        l - +7 Throatcutter {drain, coup de grace}
rCold   . . .        n - +0 buckler
rNeg    . . .        c - +0 robe
rPois   .            (helmet restricted)
rElec   .            q - +0 cloak
rCorr   .            (gloves unavailable)
SInv    +            (boots unavailable)
Will    ++...        o - amulet of reflection
Stlth   ++           j - ring of willpower
HPRegen 0.25/turn    (no ring)
MPRegen 0.10/turn

%: reflection
@: lethally poisoned (0 -> -1), on berserk cooldown, slowed, quick
A: very small, no large weapons, unfitting armour, see invisible, speed 3
a: no special abilities


You were on level 5 of the Dungeon.
You visited 1 branch of the dungeon, and saw 4 of its levels.
You also visited: Sewer.

You collected 237 gold pieces.

Inventory:

Hand Weapons
 a - a +0 shortbow
 l - the +7 Throatcutter (weapon) {drain, coup de grace}
   (You took it off Terence on level 2 of the Dungeon)
Armour
 c - a +0 robe (worn)
 n - a +0 buckler (worn)
 q - a +0 cloak (worn)
Jewellery
 j - a ring of willpower (left hand)
 o - an amulet of reflection (around neck)
Scrolls
 b - a scroll of butterflies
 e - 5 scrolls of teleportation {unknown}
 f - a scroll of fear {unknown}
 g - a scroll of revelation {unknown}
 i - a scroll of blinking {unknown}
 m - a scroll of amnesia {unknown}
 p - a scroll of vulnerability {unknown}
 t - a scroll of identify {unknown}
 u - a scroll of poison {unknown}
Potions
 d - a potion of might {unknown}
 h - a potion of lignification {unknown}
 k - a potion of berserk rage
 r - a potion of mutation
 s - 4 potions of enlightenment


   Skills:
 + Level 3.0 Fighting
 * Level 6.0 Ranged Weapons
 + Level 4.8 Dodging
 - Level 1.5 Stealth


You had 5 spell levels left.
You didn't know any spells.
Your spell library contained the following spells:

 Spells                   Type           Power      Damage    Failure   Level
 Tukima's Dance           Hex            0%         N/A       88%         3
 Passage of Golubria      Tloc           0%         N/A       99%         4
 Yara's Violent Unravell  Hex/Tmut       0%         3d3       100%        5


Dungeon Overview and Level Annotations

Branches:
Dungeon (3/15)              Sewer (visited)

Altars:


Innate Abilities, Weirdness & Mutations

You are very small and have problems with some larger weapons.
You are too small for most types of armour.
You have supernaturally acute eyesight. (SInv)
You cover ground extremely quickly. (Speed+++)


Message History

The adder poisons you!
You barely miss the adder.
* * * LOW HITPOINT WARNING * * *
You feel very sick. The adder completely misses you.
You block the adder's attack.
It was a potion of berserk rage.
A red film seems to cover your vision as you go berserk!
You feel yourself moving faster!
You feel mighty!
You feel sick. You block the adder's attack.
Unknown command.
You slash the adder! You drain the adder.
You kill the adder!
You feel sick.
Your Fighting skill increases to level 3!
Your Ranged Weapons skill increases to level 6!
You feel sick.
A centaur comes into view.
You feel a strong urge to attack something.
The centaur shouts!
The centaur wields a +0 shortbow.
The centaur shoots an arrow.
The arrow hits you.
* * * LOW HITPOINT WARNING * * *
You slash the adder!
You kill the adder!
* * * LOW HITPOINT WARNING * * *
You feel sick.
The centaur shoots an arrow.
You block the arrow with an invisible shield... and reflect it back!
The arrow hits the centaur.
* * * LOW HITPOINT WARNING * * *
You feel sick.
There is a lethal amount of poison in your body!
You are too berserk!
There is a lethal amount of poison in your body!
You feel a strong urge to attack something.
* * * LOW HITPOINT WARNING * * *
You feel sick.
You feel your anger nearly subside.
You are no longer berserk.
You are exhausted.
You feel yourself slow down.
You die...

.........$...#
.#
###o/.o......#
. #.###'######
. #.....# .#
#.##..# #.#
#..#..# #..#
####.#..#
###..###
##...o#..#
##..†...#
.....o...#
##.@#....#
#####.#.##
#..##....#
#......# ##.##
....# #.##.###
#..# ....# #
#.#######.##
....#
#.........#
c...#
########.##
##### ..# .#.#


There were no monsters in sight!

Vanquished Creatures
  An orc priest (D:5)
  Terence (D:2)
  10 adders
  8 river rats
  4 worms
  A dart slug (D:1)
  12 ball pythons
  4 endoplasms
  4 giant cockroaches
  8 hobgoblins
  3 jackals (Sewer)
  10 bats
  7 frilled lizards
  6 goblins
  4 kobolds
  4 rats
87 creatures vanquished.

Notes
Turn   | Place    | Note
-------+----------+-------------------------------------------
     0 | D:1      | Bnni the Spriggan Hunter began the quest for the Orb.
     0 | D:1      | Reached XP level 1. HP: 10/10 MP: 2/2
   141 | D:1      | Reached XP level 2. HP: 15/15 MP: 3/3
   448 | D:1      | Reached XP level 3. HP: 18/18 MP: 4/4
   902 | D:2      | Noticed Terence
   989 | D:2      | Killed Terence
   990 | D:2      | Reached XP level 4. HP: 23/23 MP: 5/5
  1280 | D:2      | Reached skill level 5 in Ranged Weapons
  1593 | D:3      | Found a glowing drain.
  1600 | Sewer    | Entered a sewer
  1777 | Sewer    | Reached XP level 5. HP: 27/27 MP: 6/6
  2603 | D:3      | You fall into a shaft and drop 2 floors!
  2603 | D:5      | Entered Level 5 of the Dungeon
  2615 | D:5      | Reached XP level 6. HP: 13/32 MP: 7/7
  2649 | D:5      | Reached skill level 6 in Ranged Weapons
  2654 | D:5      | HP: 2/48 [poisoned by an adder]
  2655 | D:5      | Succumbed to an adder's poison

Illustrated notes

Levels and vault maps discovered:
D:1:      sevenhm_arrival_forest_fort_large_2, layout_loops_ring,
          hangedman_decor_peaks_small, nicolae_concentric_dashed_squares_wild
D:2:      layout_basic, uniq_terence
D:3:      cheibrodos_old_hovel, layout_loops_ring,
          lemuel_coloured_pillars_altar, lightli_sewer_entry_pipes,
          grunt_decor_resistance
D:5:      layout_basic, temple_doors_e, nicolae_custom_books, uniq_pikel,
          uniq_blork_the_orc

Skill      XL: |  1  2  3  4  5  6 |
---------------+-------------------+-----
Dodging        | 3 4 |  4.8
Fighting       | 2 3 |  3.0
Ranged Weapons | 5 6 |  6.0
Stealth        | |  1.5

Action                     |  1- 3 |  4- 6 || total
---------------------------+-------+-------++-------
  Melee: Long sword        |       |   132 ||   132
   Fire: Shortbow          |    92 |       ||    92
    Use: Potion            |       |     2 ||     2
   Stab: Sleeping          |       |     4 ||     4
 Armour: Robe              |     2 |    57 ||    59
  Dodge: Dodged            |    11 |   137 ||   148
  Block: Buckler           |       |   113 ||   113
         Reflection        |       |     1 ||     1

Table legend: (Time is in decaauts)
 A = Elapsed time spent in this place.
 B = Non-inter-level travel time spent in this place.
 C = Inter-level travel time spent in this place.
 D = Time resting spent in this place.
 E = Time spent auto-exploring this place.
 F = Levels seen in this place.
 G = Mean time per level.
                   A        B        C        D        E       F      G
               +--------+--------+--------+--------+--------+-----+--------+
         Total |   2138 |   2090 |     48 |    184 |   1227 |   5 |  427.6 |
       Dungeon |   1200 |   1152 |     48 |      0 |    783 |   4 |  300.0 |
         Sewer |    938 |    938 |      0 |    184 |    444 |   1 |  938.0 |
               +--------+--------+--------+--------+--------+-----+--------+

Top non-repeatable levels by time:
   Sewer: 938 daAuts
     D:1: 505 daAuts
     D:2: 444 daAuts
     D:3: 211 daAuts
     D:5: 38 daAuts
